 Dungeon Crawl Stone Soup version 0.20-a0-151-g755e310 (webtiles) character file.

126 shinino the Cudgeler (level 5, 0/41 HPs)
             Began as a Formicid Fighter on Nov 22, 2016.
             Slain by an orc priest
             ... wielding a +0 club
              (3 damage)
             ... on level 3 of the Dungeon.
             The game lasted 00:04:24 (2233 turns).

shinino the Cudgeler (Formicid Fighter)             Turns: 2233, Time: 00:04:25

Health: 0/41       AC: 13    Str: 20    XL:     5   Next: 32%
Magic:  5/5        EV:  5    Int:  8    God:
Gold:   90         SH:  9    Dex: 11    Spells: 4/4 levels left

rFire  . . .     SeeInvis +     a - +0 flail
rCold  . . .     Gourm    .     g - +2 chain mail {rPois}
rNeg   . . .     Faith    .     c - +0 shield
rPois  +         Spirit   .     (helmet unavailable)
rElec  .         Reflect  .     p - +0 cloak
rCorr  .         Harm     .     j - +0 pair of gloves
MR     .....                    (no boots)
Stlth  ..........               (no amulet)
                                (no ring)
                                (no ring)

@: no status effects
A: permanent stasis, dig shafts and tunnels, four strong arms, antennae 3
a: Dig, Shaft Self


You were on level 3 of the Dungeon.
You were not hungry.

You visited 1 branch of the dungeon, and saw 3 of its levels.

You collected 90 gold pieces.

Inventory:

Hand Weapons
 a - a +0 flail (weapon)
Armour
 c - a +0 shield (worn)
 g - a +2 chain mail of poison resistance (worn)
 j - a +0 pair of gloves (worn)
 p - a +0 cloak (worn)
Scrolls
 b - a scroll of blinking {unknown}
 e - 3 scrolls of remove curse
 k - a scroll of enchant weapon {unknown}
 o - a scroll of fog {unknown}
 q - a scroll of fear {unknown}
Potions
 d - a potion of lignification {unknown}
 l - a potion of agility
 n - a potion of invisibility {unknown}
Comestibles
 f - 2 bread rations
 h - a chunk of flesh
 m - a royal jelly
 r - 2 meat rations
 s - 3 fruits


   Skills:
 - Level 3.2 Fighting
 + Level 5.1 Maces & Flails
 - Level 3.2 Armour
 - Level 3.6 Shields


You had 4 spell levels left.
You didn't know any spells.

Dungeon Overview and Level Annotations

Branches:
Dungeon (3/15)

Altars:
Elyvilon
Gozag
Trog
Uskayaw
Zin


Innate Abilities, Weirdness & Mutations

You cannot be hasted, slowed, berserked, paralysed or teleported.
You can dig through walls and to a lower floor.
Your four strong arms can wield two-handed weapons with a shield.
You have a pair of large antennae on your head. (SInv)


Message History

The orc wizard flickers and vanishes for a moment.
The orc hits you but does no damage. The orc priest hits you with a club.
Your shield and chain mail prevent you from hitting the orc priest.
The orc priest is heavily wounded.
The orc wizard hits you but does no damage.
You block the orc's attack.
The orc priest mumbles some strange prayers to Beogh against you.
Pain shoots through your body!
* * * LOW HITPOINT WARNING * * *
You closely miss the orc priest.
The orc priest is heavily wounded.
The orc priest hits you but does no damage.
The orc hits you with a flail.
* * * LOW HITPOINT WARNING * * *
The orc wizard hits you but does no damage.
The orc hits you but does no damage.
You closely miss the orc priest.
The orc priest is heavily wounded.
The orc priest hits you with a club.
You die...

#......# #..#.## #..### #
#......###....########.## #
#......#.....##........# #
#......#.#.#.###..###### #
#..........#.####.# ####
######..........#.#########...
##.##...##..........>.).#
#..##...oo.....####...###
#.^###...@oo.........### #
#(.##...#o####..##......###
.......#.#... ##.o#.####....
.....####.###.####...# #....
..... .<........#..## ###..#
.ยงยง.. ..[....##...## ##.....
....... ##..# #..#### .......
##.####.## # ...oo.o #...##.#


You could see an orc priest, an orc wizard (invisible) and 3 orcs.

Vanquished Creatures
  Terence (D:2)
  3 adders
  A worm (D:1)
  2 dart slugs (D:2)
  4 leopard geckos
  An orc (D:3)
  9 bats
  5 giant cockroaches
  5 hobgoblins
  6 jackals (D:1)
  A quokka (D:2)
  A frilled lizard (D:2)
  6 goblins
  4 kobolds
  11 rats
60 creatures vanquished.

Notes
Turn   | Place    | Note
-------+----------+-------------------------------------------
     0 | D:1      | shinino the Formicid Fighter began the quest for the Orb.
     0 | D:1      | Reached XP level 1. HP: 18/18 MP: 1/1
     0 | D:1      | Upgraded the game from 0.20-a0-150-g0ef8409 to 0.20-a0-151-g755e310
   163 | D:1      | Reached XP level 2. HP: 20/24 MP: 2/2
   220 | D:1      | Reached skill level 3 in Maces & Flails
   421 | D:1      | Reached XP level 3. HP: 29/29 MP: 3/3
   675 | D:2      | Noticed Terence
  1094 | D:2      | Killed Terence
  1094 | D:2      | Reached skill level 4 in Maces & Flails
  1094 | D:2      | Reached XP level 4. HP: 33/35 MP: 4/4
  1534 | D:2      | Found a hide-covered altar of Uskayaw.
  1539 | D:2      | Found a glowing silver altar of Zin.
  1540 | D:2      | Found an opulent altar of Gozag.
  1707 | D:2      | Reached XP level 5. HP: 41/41 MP: 5/5
  1894 | D:3      | Reached skill level 5 in Maces & Flails
  1902 | D:3      | Found a bloodstained altar of Trog.
  2132 | D:3      | Found a white marble altar of Elyvilon.
  2233 | D:3      | Slain by an orc priest

Vault maps used:
D:1:      scummos_arrival_hexagon, minivault_11, minmay_misc_feat_four_crosses
D:2:      minitemple, uniq_terence
D:3:      grunt_dithmenos_smoke, bloody_trog, lemuel_crystal_altar

Skill      XL: |  1  2  3  4  5 |
---------------+----------------+-----
Maces & Flails | 3 4 5 |  5.1
Fighting       | |  3.2
Armour         | |  3.2
Shields        | |  3.6

Action                   |  1- 3 |  4- 6 || total
-------------------------+-------+-------++-------
Melee: Flail             |   115 |   123 ||   238
  Use: Potion            |     3 |     1 ||     4
       Scroll            |       |     4 ||     4
  Eat: Pizza             |     1 |       ||     1
       Chunk             |       |     3 ||     3
Armor: Scale mail        |    67 |     9 ||    76
       Chain mail        |       |    67 ||    67
Dodge: Dodged            |    55 |    28 ||    83
Block: Shield            |    65 |    85 ||   150
